 Dungeon Crawl Stone Soup version 0.27-a0-1332-g84bddb5ca7 (webtiles) character file.

Game seed: 16256211395652663258

53 avis the Slasher (level 3, -5/31 HPs)
             Began as a Hill Orc Monk on June 25, 2021.
             Slain by Sigmund (13 damage)
             ... on level 2 of the Dungeon.
             The game lasted 00:07:19 (1308 turns).

avis the Slasher (Hill Orc Monk)                    Turns: 1308, Time: 00:07:20

Health: -5/31      AC:  4    Str: 14    XL:     3   Next: 87%
Magic:  3/3        EV: 12    Int: 10    God:
Gold:   82         SH:  0    Dex: 13    Spells: 2/2 levels left

rFire    . . .     SeeInvis .   a - +0 falchion
rCold    . . .     Faith    .   (no shield)
rNeg     . . .     Spirit   .   k - +0 leather armour
rPois    .         Reflect  .   c - +0 helmet
rElec    .         Harm     .   (no cloak)
rCorr    .         Rampage  .   (no gloves)
Will     .....                  (no boots)
Stlth    ++........             (no amulet)
HPRegen  0.10/turn              (no ring)
MPRegen  0.08/turn              (no ring)

@: no status effects
A: no striking features
a: no special abilities


You were on level 2 of the Dungeon.
You visited 1 branch of the dungeon, and saw 2 of its levels.

You collected 82 gold pieces.

Inventory:

Hand Weapons
 a - a +0 falchion (weapon)
 b - a +0 long sword
 e - a +0 dagger of freezing
Missiles
 d - 19 arrows
 i - 9 stones (quivered)
Armour
 c - a +0 helmet (worn)
 k - a +0 leather armour (worn)
Jewellery
 h - a +6 ring of dexterity
 j - a ring of willpower
Potions
 f - a potion of resistance {unknown}
 g - a potion of might {unknown}


   Skills:
 - Level 3.6 Fighting
 * Level 5.1 Long Blades
 - Level 2.4 Dodging
 - Level 1.5 Stealth


You had 2 spell levels left.
You didn't know any spells.
Your spell library was empty.

Dungeon Overview and Level Annotations

Branches:
Dungeon (2/15)

Altars:

Annotations:
D:2 Sigmund


Message History

You closely miss the quokka. The quokka closely misses you.
You closely miss the quokka.
The quokka bites you but does no damage.
You slash the quokka!
You kill the quokka!
Found a stone staircase leading down.
Sigmund the Dreaded comes into view.
He is wielding a +0 scythe.
Sigmund shouts!
Sigmund says, "Don't worry, I'll kill you fast."
A goblin comes into view. It is wielding a +0 dagger.
Found a scroll labelled APOIXI ZUUMMO.
Sigmund points at you and mumbles some strange words.
You are confused.
You bump into the rock wall.
You're too confused to move!
You feel less confused.
You hit the goblin.
The goblin is almost dead.
The goblin barely misses you.
You riposte.
You closely miss the goblin.
The goblin is almost dead.
You barely miss the goblin.
The goblin is almost dead.
Sigmund misses you. The goblin hits you but does no damage.
You barely miss the goblin.
The goblin is almost dead.
Sigmund closely misses you. The goblin barely misses you.
You riposte.
You closely miss the goblin.
The goblin is almost dead.
You hit the goblin.
You kill the goblin!
Sigmund mumbles some strange words.
Sigmund flickers and vanishes!
Deactivating autopickup; reactivate with Ctrl-A.
Something hits you!
You see here a +0 dagger.
You closely miss something. Something hits you!
You hit something. Something hits you.
* * * LOW HITPOINT WARNING * * *
You hit something. Something hits you!
You die...

#.......#######
#.............#
######........#
#........#
#........# ?..#
#...^....# ....
#........# ..>..
#........#
.....######@.......#
..........{........#
#.........#########
#.........#
#.$.......#
###########


There were no monsters in sight!

Vanquished Creatures
  2 adders (D:2)
  A worm (D:2)
  3 ball pythons (D:1)
  4 endoplasms (D:1)
  8 goblins
  A hobgoblin (D:1)
  2 kobolds (D:1)
  A quokka (D:2)
  3 bats
  A frilled lizard (D:1)
  3 rats (D:1)
29 creatures vanquished.

Vanquished Creatures (others)
  A plant (D:2)
1 creature vanquished.

Grand Total: 30 creatures vanquished

Notes
Turn   | Place    | Note
-------+----------+-------------------------------------------
     0 | D:1      | avis the Hill Orc Monk began the quest for the Orb.
     0 | D:1      | Reached XP level 1. HP: 19/19 MP: 1/1
   157 | D:1      | Reached XP level 2. HP: 25/26 MP: 2/2
   207 | D:1      | Reached skill level 4 in Long Blades
   419 | D:1      | Reached XP level 3. HP: 25/31 MP: 3/3
  1098 | D:2      | Reached skill level 5 in Long Blades
  1291 | D:2      | Noticed Sigmund
  1308 | D:2      | Slain by Sigmund

Illustrated notes

Levels and vault maps discovered:
D:1:      wander_arrival_lonely_grave, layout_rooms,
          corexii_item_surrounded_by_moat
D:2:      layout_basic, shapermc_ecumenical_altar_mp_urbaneastern,
          minmay_pentomino_t2, uniq_sigmund

Skill      XL: |  1  2  3 |
---------------+----------+-----
Long Blades    | 4 5 |  5.1
Fighting       | |  3.6
Dodging        | |  2.4
Stealth        | |  1.5

Action                   || total
-------------------------++-------
Melee: Falchion          ||   105
Throw: Stone             ||     8
Armor: Robe              ||    20
       Leather armour    ||    13
Dodge: Dodged            ||    51
       Rpst.: Falchion   ||    15

Table legend: (Time is in decaauts)
 A = Elapsed time spent in this place.
 B = Non-inter-level travel time spent in this place.
 C = Inter-level travel time spent in this place.
 D = Time resting spent in this place.
 E = Time spent auto-exploring this place.
 F = Levels seen in this place.
 G = Mean time per level.
                   A        B        C        D        E       F      G
               +--------+--------+--------+--------+--------+-----+--------+
         Total |   1320 |   1231 |     89 |    574 |    289 |   2 |  660.0 |
       Dungeon |   1320 |   1231 |     89 |    574 |    289 |   2 |  660.0 |
               +--------+--------+--------+--------+--------+-----+--------+

Top non-repeatable levels by time:
     D:1: 838 daAuts
     D:2: 482 daAuts
